Map: Ruins of Endion

Players

blackxored

  • Race: Zerg Zerg
  • League: Diamond

ZooM - Winner!

  • Race: Protoss Protoss
  • League: Diamond

VOD

Have the link to the VOD?

Description

Time

  • Played on: June 30, 2016, 3:32 p.m.
  • Length: 6:23
Show
View Real Time Build Order
Export as new Build Order

blackxored Zerg 

Build Orders: 3 Hatch before Pool 

Get SALT Encoding   

  12  0:01  Drone  
  13  0:08  Drone  
  14  0:23  Overlord, Extractor  
  14  0:25  Drone  
  15  0:44  Drone x2  
  17  1:11  Hatchery  
  15  1:20  Drone  
  15  1:24  Hatchery  
  15  1:31  Drone x2  
  17  1:42  Drone  
  17  1:43  Extractor  
  17  1:48  Spawning Pool  
  17  1:49  Drone  
  17  2:00  Drone  
  18  2:03  Drone  
  19  2:17  Drone  
  20  2:23  Drone  
  21  2:31  Drone  
  21  2:35  Queen  
  21  2:36  Queen  
  26  2:37  Queen  
  26  2:39  Zergling x2  
  26  2:41  Zergling x2  
  30  2:45  Zergling x2  
  30  2:50  Zergling x4  
  33  2:55  Metabolic Boost  
  33  3:02  Drone  
  33  3:04  Overlord  
  34  3:16  Overlord  
  34  3:25  Pneumatized Carapace  
  34  3:40  Drone x9  
  43  3:46  Evolution Chamber  
  42  3:50  Baneling Nest  
  42  3:51  Drone  
  42  3:54  Drone  
  43  4:03  Drone x3  
  43  4:07  Overlord  
  46  4:36  Drone x12  
  46  4:38  Overlord  
  58  4:45  Baneling x2  
  58  4:48  Overlord x2  
  58  4:57  Baneling  
  58  4:58  Baneling  
  58  5:01  Drone x3  
  58  5:02  Extractor  
  58  5:03  Drone  
  58  5:04  Zergling x12  
  58  5:05  Zergling x2  
  61  5:17  Zergling x8  
  60  5:24  Zergling x4  
  62  5:30  Zergling x2  
  62  5:31  Zergling x10  
  62  5:35  Extractor  
  66  5:37  Extractor  
  58  5:45  Zergling x12  
  61  5:59  Zergling x2  
  61  6:00  Zergling x10  
Show
View Real Time Build Order
Export as new Build Order

ZooM Protoss - Winner!

Build Orders: 1 Gate Expand 

Get SALT Encoding   

  12  0:01  Probe (Chrono Boost)  
  13  0:11  Probe (Chrono Boost)  
  14  0:20  Pylon  
  14  0:23  Probe (Chrono Boost)  
  15  0:38  Probe (Chrono Boost)  
  15  0:41  Gateway  
  16  0:49  Probe (Chrono Boost)  
  17  0:56  Assimilator  
  17  1:05  Probe (Chrono Boost)  
  18  1:23  Nexus  
  18  1:35  Cybernetics Core  
  18  1:37  Probe (Chrono Boost)  
  19  1:48  Probe (Chrono Boost)  
  20  2:02  Gateway, Probe (Chrono Boost)  
  20  2:06  Pylon  
  21  2:16  Probe (Chrono Boost)  
  21  2:19  Warp Gate (Chrono Boost)  
  22  2:24  Adept  
  22  2:26  Probe (Chrono Boost)  
  25  2:32  Assimilator  
  25  2:33  Probe  
  26  2:38  Probe  
  26  2:40  Twilight Council  
  27  2:44  Probe  
  28  2:56  Probe  
  28  2:57  Adept  
  31  3:00  Probe  
  32  3:11  Probe  
  32  3:12  Probe  
  33  3:21  Pylon  
  33  3:26  Gateway  
  33  3:27  Gateway  
  33  3:28  Probe  
  32  3:37  Adept  
  32  3:38  Adept  
  32  3:41  Probe  
  37  3:43  Resonating Glaives  
  37  3:49  Probe  
  37  3:53  Probe  
  39  3:57  Robotics Facility  
  39  4:00  Probe  
  40  4:10  Gateway  
  40  4:12  Probe  
  41  4:20  Probe  
  41  4:23  Adept  
  41  4:24  Adept x2, Probe  
  46  4:30  Adept  
  51  4:32  Probe  
  51  4:35  Pylon  
  52  4:45  Warp Prism  
  52  4:50  Gateway  
  54  4:53  Pylon  
  54  4:54  Probe  
  55  5:17  Adept  
  55  5:18  Adept x2  
  55  5:19  Adept  
  63  5:30  Pylon  
  55  5:59  Adept  
  55  6:01  Adept x3  
  55  6:02  Adept x2  
  61  6:22  Adept x3  
  61  6:23  Adept  
Tags
 
Add a new tag
Caveats
  • Supply blocks, unpowered buildings, or Contaminate may cause inaccurate times.
  • Supply counts are checked every 10 seconds.